TOP OF THE 1ST |
Greenville Drive batting - Pitching for Tri-City Dust Devils : RHP Chase Chaney
|
Pitching: RHP Chase Chaney
|
|
Batting: SHB Jake Palomaki
|
0-0: Foul Ball, location: 2LF 0-1: Ball 1-1: Called Strike 1-2: Ball 2-2: Foul Ball, location: 7LMF 2-2: Fly out, F3 (Line Drive, 3, EV 69.4 MPH)
|
Batting: SHB Chavez Young
|
0-0: Swinging Strike 0-1: Foul Ball, location: 9LSF 0-2: Ball 1-2: Foul Ball, location: 2F 1-2: Foul Ball, location: 7LMF 1-2: Strikes out swinging
|
Batting: SHB Lizandro Rodriguez
|
0-0: Ball 1-0: Called Strike 1-1: Foul Ball, location: 3FF 1-2: Foul Ball, location: 5F 1-2: Ball 2-2: Ball 3-2: Strikes out swinging
|
Top of the 1st over - 0 runs, 0 hits, 0 errors, 0 left on base; Greenville 0 - Tri-City 0 |
BOTTOM OF THE 1ST |
Tri-City Dust Devils batting - Pitching for Greenville Drive : LHP Antonio Jimenez
|
Pitching: LHP Antonio Jimenez
|
|
Batting: RHB Luis Vazquez
|
0-0: Called Strike 0-1: Swinging Strike 0-2: Ball 1-2: Strikes out swinging
|
Batting: LHB Ismael Mena
|
0-0: SINGLE (Line Drive, 3D, EV 98.8 MPH)
|
Batting: RHB Jaylin Davis
|
0-0: Grounds into double play, 6-4-3 (Groundball, 6, EV 100.6 MPH)
|
Bottom of the 1st over - 0 runs, 1 hit, 0 errors, 0 left on base; Greenville 0 - Tri-City 0 |
TOP OF THE 2ND |
Greenville Drive batting - Pitching for Tri-City Dust Devils : RHP Chase Chaney
|
Batting: LHB Richard Paz
|
0-0: Ball 1-0: DOUBLE (Line Drive, 7LS, EV 96.9 MPH)
|
Batting: RHB Pedro Castellanos
|
0-0: Fly out, F3 (Popup, 3F, EV 78.8 MPH)
|
Batting: RHB Nick Clarno
|
0-0: Called Strike 0-1: Hit by Pitch
|
Batting: SHB Casey Opitz
|
0-0: Called Strike Richard Paz steals 3rd base Nick Clarno to second 0-1: Ball 1-1: Foul Ball, location: 9LDF 1-2: Ball 2-2: 3-RUN HOME RUN (Flyball, 89XD, EV 98.1 MPH), Distance : 392 ft
|
Batting: RHB Kelvin Melean
|
0-0: Fly out, F7 (Flyball, 7LM, EV 77.5 MPH)
|
Batting: RHB Argenis Jimenez
|
0-0: Ground out 1-3 (Groundball, 15, EV 75.6 MPH)
|
Top of the 2nd over - 3 runs, 2 hits, 0 errors, 0 left on base; Greenville 3 - Tri-City 0 |
BOTTOM OF THE 2ND |
Tri-City Dust Devils batting - Pitching for Greenville Drive : LHP Antonio Jimenez
|
Batting: RHB Nicholas Northcut
|
0-0: Swinging Strike 0-1: SINGLE (Flyball, 8RS, EV 87.5 MPH)
|
Batting: RHB Jose Devers
|
0-0: Foul Ball, location: 7LMF 0-1: Swinging Strike 0-2: Strikes out swinging
|
Batting: RHB Jordan Dissin
|
0-0: Called Strike 0-1: Ball 1-1: Ball 2-1: Swinging Strike 2-2: Ball 3-2: Base on Balls Nicholas Northcut to second
|
Batting: SHB Frandy Almonte
|
0-0: Ball 1-0: Foul Ball, location: 2F 1-1: Ball 2-1: Ball 3-1: Foul Ball, location: 9LDF 3-2: Base on Balls Nicholas Northcut to third Jordan Dissin to second
|
Batting: RHB Franyer Noria
|
0-0: Called Strike 0-1: Swinging Strike 0-2: Ball 1-2: Ball 2-2: Ball 3-2: Fly out, F7 (Line Drive, 78D, EV 94.4 MPH) Runner from 3rd tags up, SCORES, no throw by LF
|
Batting: RHB Carlos Pacheco
|
0-0: Ball 1-0: Called Strike 1-1: Foul Ball, location: 3SF 1-2: Ground out 5-3 (Groundball, 15, EV 78.8 MPH)
|
Bottom of the 2nd over - 1 run, 1 hit, 0 errors, 2 left on base; Greenville 3 - Tri-City 1 |
TOP OF THE 3RD |
Greenville Drive batting - Pitching for Tri-City Dust Devils : RHP Chase Chaney
|
Batting: SHB Jake Palomaki
|
0-0: Called Strike 0-1: Swinging Strike 0-2: Strikes out swinging, 2-3 out at first.
|
Batting: SHB Chavez Young
|
0-0: Ball 1-0: Foul Ball, location: 25F 1-1: Ball 2-1: Ball 3-1: Swinging Strike 3-2: Foul Ball, location: 23F 3-2: Fly out, F5 (Popup, 5, EV 56.9 MPH)
|
Batting: SHB Lizandro Rodriguez
|
0-0: Ball 1-0: SINGLE (Line Drive, 6M, EV 104.4 MPH)
|
Batting: LHB Richard Paz
|
0-0: Ball 1-0: Foul Ball, location: 3F 1-1: Called Strike Lizandro Rodriguez steals 2nd base 1-2: Ball 2-2: Strikes out swinging
|
Top of the 3rd over - 0 runs, 1 hit, 0 errors, 1 left on base; Greenville 3 - Tri-City 1 |
BOTTOM OF THE 3RD |
Tri-City Dust Devils batting - Pitching for Greenville Drive : LHP Antonio Jimenez
|
Batting: RHB Luis Vazquez
|
0-0: Ball 1-0: Foul Ball, location: 2F 1-1: Ball 2-1: Ground out 6-3 (Groundball, 6, EV 104.4 MPH)
|
Batting: LHB Ismael Mena
|
0-0: Fly out, F8 (Flyball, 89S, EV 88.8 MPH)
|
Batting: RHB Jaylin Davis
|
0-0: Ball 1-0: Called Strike 1-1: Foul Ball, location: 3F 1-2: Ball 2-2: Ball 3-2: Base on Balls
|
Batting: RHB Nicholas Northcut
|
0-0: Ball 1-0: Called Strike Jaylin Davis steals 2nd base 1-1: SINGLE (Line Drive, 78M, EV 92.5 MPH) Jaylin Davis to third Runner from 3rd tries for Home, throw by CF and OUT! 8-2
|
Bottom of the 3rd over - 0 runs, 1 hit, 0 errors, 1 left on base; Greenville 3 - Tri-City 1 |
TOP OF THE 4TH |
Greenville Drive batting - Pitching for Tri-City Dust Devils : RHP Chase Chaney
|
Batting: RHB Pedro Castellanos
|
0-0: Ball 1-0: Fly out, F5 (Popup, 15, EV 81.9 MPH)
|
Batting: RHB Nick Clarno
|
0-0: Ball 1-0: Ball 2-0: Ball 3-0: Called Strike 3-1: Called Strike 3-2: SINGLE (Line Drive, 34D, EV 101.9 MPH)
|
Batting: SHB Casey Opitz
|
0-0: Called Strike 0-1: Foul Ball, location: 7LDF 0-2: Ball 1-2: Ball 2-2: Foul Ball, location: 7LDF 2-2: Ball 3-2: Foul Ball, location: 2F 3-2: Strikes out looking Nick Clarno steals 2nd base Batter strikes out.
|
Batting: RHB Kelvin Melean
|
0-0: Ball 1-0: Foul Ball, location: 5FF 1-1: Foul Ball, location: 25FF 1-2: Ball 2-2: Strikes out swinging
|
Top of the 4th over - 0 runs, 1 hit, 0 errors, 1 left on base; Greenville 3 - Tri-City 1 |
BOTTOM OF THE 4TH |
Tri-City Dust Devils batting - Pitching for Greenville Drive : LHP Antonio Jimenez
|
Batting: RHB Jose Devers
|
0-0: Called Strike 0-1: Ball 1-1: Called Strike 1-2: Ball 2-2: Ball 3-2: Foul Ball, location: 2RF 3-2: Base on Balls
|
Batting: RHB Jordan Dissin
|
0-0: Ball 1-0: Ball 2-0: Swinging Strike 2-1: Ball 3-1: Called Strike 3-2: Foul Ball, location: 2F 3-2: Strikes out swinging
|
Batting: SHB Frandy Almonte
|
0-0: Foul Ball, location: 25FF 0-1: Ball 1-1: Called Strike 1-2: Strikes out swinging
|
Batting: RHB Franyer Noria
|
0-0: Swinging Strike 0-1: Foul Ball, location: 5SF 0-2: Ball 1-2: Ball 2-2: Strikes out swinging
|
Bottom of the 4th over - 0 runs, 0 hits, 0 errors, 1 left on base; Greenville 3 - Tri-City 1 |
TOP OF THE 5TH |
Greenville Drive batting - Pitching for Tri-City Dust Devils : RHP Chase Chaney
|
Batting: RHB Argenis Jimenez
|
0-0: Fly out, F9 (Flyball, 9, EV 92.5 MPH)
|
Batting: SHB Jake Palomaki
|
0-0: Ball 1-0: Fly out, F8 (Flyball, 89S, EV 86.9 MPH)
|
Batting: SHB Chavez Young
|
0-0: Ball 1-0: Foul Ball, location: 3F 1-1: Ball 2-1: SINGLE (Line Drive, 7S, EV 94.4 MPH)
|
Batting: SHB Lizandro Rodriguez
|
0-0: Called Strike 0-1: Ball 1-1: Foul Ball, location: 7LMF 1-2: Foul Ball, location: 2F 1-2: Foul Ball, location: 9LMF 1-2: SINGLE (Groundball, 6D, EV 108.1 MPH) Chavez Young to second
|
Batting: LHB Richard Paz
|
0-0: Called Strike 0-1: Ball 1-1: Ball 2-1: Fly out, F7 (Flyball, 78M, EV 92.5 MPH)
|
Top of the 5th over - 0 runs, 2 hits, 0 errors, 2 left on base; Greenville 3 - Tri-City 1 |
BOTTOM OF THE 5TH |
Tri-City Dust Devils batting - Pitching for Greenville Drive : LHP Antonio Jimenez
|
Batting: RHB Carlos Pacheco
|
0-0: Foul Ball, location: 3F 0-1: Ball 1-1: Swinging Strike 1-2: Ball 2-2: Ground out 3-1 (Groundball, 34, EV 84.4 MPH)
|
Batting: RHB Luis Vazquez
|
0-0: Ground out 1-3 (Groundball, 34S, EV 67.5 MPH)
|
Batting: LHB Ismael Mena
|
0-0: Called Strike 0-1: Fly out, F2 (Popup, 3SF, EV 90.6 MPH)
|
Bottom of the 5th over - 0 runs, 0 hits, 0 errors, 0 left on base; Greenville 3 - Tri-City 1 |
TOP OF THE 6TH |
Greenville Drive batting - Pitching for Tri-City Dust Devils : RHP Chase Chaney
|
Batting: RHB Pedro Castellanos
|
0-0: Called Strike 0-1: Ball 1-1: Foul Ball, location: 23FF 1-2: Strikes out swinging
|
Batting: RHB Nick Clarno
|
0-0: Ball 1-0: Called Strike 1-1: Ground out 4-3 (Groundball, P, EV 90.0 MPH)
|
Batting: SHB Casey Opitz
|
0-0: Ball 1-0: Ground out U3 (Groundball, 34, EV 87.5 MPH)
|
Top of the 6th over - 0 runs, 0 hits, 0 errors, 0 left on base; Greenville 3 - Tri-City 1 |
BOTTOM OF THE 6TH |
Tri-City Dust Devils batting - Pitching for Greenville Drive : LHP Antonio Jimenez
|
Pitching: RHP Miguel Sanchez
|
|
Batting: RHB Jaylin Davis
|
0-0: SOLO HOME RUN (Flyball, 89XD, EV 101.3 MPH), Distance : 387 ft
|
Batting: RHB Nicholas Northcut
|
0-0: Called Strike 0-1: Ball 1-1: Foul Ball, location: 2F 1-2: Fly out, F7 (Flyball, 7D, EV 106.3 MPH)
|
Batting: RHB Jose Devers
|
0-0: Ground out U3 (Groundball, 23, EV 88.8 MPH)
|
Batting: RHB Jordan Dissin
|
0-0: Ground out 5-3 (Groundball, 5, EV 78.8 MPH)
|
Bottom of the 6th over - 1 run, 1 hit, 0 errors, 0 left on base; Greenville 3 - Tri-City 2 |
TOP OF THE 7TH |
Greenville Drive batting - Pitching for Tri-City Dust Devils : RHP Chase Chaney
|
Batting: RHB Kelvin Melean
|
0-0: Ball 1-0: SINGLE (Line Drive, 9LS, EV 85.6 MPH)
|
Batting: RHB Argenis Jimenez
|
0-0: Ball 1-0: Bunted foul 1-1: Bunt missed! 1-2: Ball 2-2: Foul Ball, location: 5SF 2-2: Strikes out swinging
|
Pitching: RHP Nick Avila
|
|
Batting: SHB Jake Palomaki
|
0-0: Called Strike 0-1: Foul Ball, location: 23F 0-2: SINGLE (Groundball, 4S, EV 64.4 MPH) (infield hit) Kelvin Melean to second
|
Batting: SHB Chavez Young
|
0-0: Called Strike 0-1: Ball Wild Pitch! Kelvin Melean to third Jake Palomaki to second 1-1: Ball 2-1: Ball 3-1: Called Strike 3-2: Foul Ball, location: 2F 3-2: Foul Ball, location: 5SF 3-2: Strikes out swinging
|
Batting: SHB Lizandro Rodriguez
|
0-0: Called Strike 0-1: Swinging Strike 0-2: Ball 1-2: Strikes out swinging
|
Top of the 7th over - 0 runs, 2 hits, 0 errors, 2 left on base; Greenville 3 - Tri-City 2 |
BOTTOM OF THE 7TH |
Tri-City Dust Devils batting - Pitching for Greenville Drive : RHP Miguel Sanchez
|
Batting: SHB Frandy Almonte
|
0-0: Ball 1-0: Ball 2-0: Called Strike 2-1: Foul Ball, location: 5SF 2-2: Strikes out looking
|
Batting: RHB Franyer Noria
|
0-0: Ball 1-0: Ball 2-0: Fly out, F9 (Flyball, 9S, EV 93.1 MPH)
|
Batting: RHB Carlos Pacheco
|
0-0: Ball 1-0: Called Strike 1-1: Ball 2-1: Called Strike 2-2: Ball 3-2: Strikes out swinging, 2-3 out at first.
|
Bottom of the 7th over - 0 runs, 0 hits, 0 errors, 0 left on base; Greenville 3 - Tri-City 2 |
TOP OF THE 8TH |
Greenville Drive batting - Pitching for Tri-City Dust Devils : RHP Nick Avila
|
Batting: LHB Richard Paz
|
0-0: Called Strike 0-1: Ball 1-1: Fly out, F7 (Flyball, 78D, EV 100.0 MPH)
|
Batting: RHB Pedro Castellanos
|
0-0: Called Strike 0-1: Ground out U3 (Groundball, 3, EV 103.8 MPH)
|
Batting: RHB Nick Clarno
|
0-0: Fly out, F9 (Flyball, 9, EV 86.9 MPH)
|
Top of the 8th over - 0 runs, 0 hits, 0 errors, 0 left on base; Greenville 3 - Tri-City 2 |
BOTTOM OF THE 8TH |
Tri-City Dust Devils batting - Pitching for Greenville Drive : RHP Miguel Sanchez
|
Now at 1B: Pedro Castellanos
|
|
Now in LF: Ademar Rifaela
|
|
Now in CF: Chavez Young
|
|
Now in RF: Connor Panas
|
|
Batting: RHB Luis Vazquez
|
0-0: Ball 1-0: Foul Ball, location: 3F 1-1: Fly out, F7 (Flyball, 78S, EV 89.4 MPH)
|
Batting: LHB Ismael Mena
|
0-0: Ball 1-0: Ball 2-0: Ball 3-0: Base on Balls
|
Batting: RHB Jaylin Davis
|
0-0: Ball 1-0: Ball 2-0: Ball 3-0: Base on Balls Ismael Mena to second
|
Pitching: RHP Collin Snider
|
|
Batting: RHB Nicholas Northcut
|
0-0: Called Strike 0-1: Foul Ball, location: 9LSF 0-2: Ball 1-2: Strikes out swinging
|
Batting: RHB Jose Devers
|
0-0: Called Strike 0-1: Ball 1-1: Foul Ball, location: 3F 1-2: Foul Ball, location: 3F 1-2: Foul Ball, location: 5DF 1-2: Ball 2-2: Ball 3-2: Foul Ball, location: 9LMFF 3-2: Base on Balls Ismael Mena to third Jaylin Davis to second
|
Batting: RHB Jordan Dissin
|
0-0: Foul Ball, location: 2RF 0-1: Swinging Strike 0-2: Strikes out swinging
|
Bottom of the 8th over - 0 runs, 0 hits, 0 errors, 3 left on base; Greenville 3 - Tri-City 2 |
TOP OF THE 9TH |
Greenville Drive batting - Pitching for Tri-City Dust Devils : RHP Nick Avila
|
Batting: SHB Casey Opitz
|
0-0: Fly out, F9 (Flyball, 9S, EV 95.6 MPH)
|
Batting: RHB Kelvin Melean
|
0-0: SINGLE (Groundball, 6MS, EV 68.1 MPH) (infield hit)
|
Batting: LHB Connor Panas
|
|
Pitching: LHP Kolton Ingram
|
0-0: Ball 1-0: Ball 2-0: Foul Ball, location: 23FF 2-1: SINGLE (Groundball, 56D, EV 98.8 MPH) Kelvin Melean to second
|
Batting: SHB Jake Palomaki
|
0-0: Ball 1-0: Called Strike 1-1: Foul Ball, location: 25F 1-2: Strikes out swinging
|
Batting: SHB Chavez Young
|
0-0: Called Strike 0-1: Fly out, F9 (Line Drive, 89M, EV 101.9 MPH)
|
Top of the 9th over - 0 runs, 2 hits, 0 errors, 2 left on base; Greenville 3 - Tri-City 2 |
BOTTOM OF THE 9TH |
Tri-City Dust Devils batting - Pitching for Greenville Drive : RHP Collin Snider
|
Pitching: RHP Albert Rivas
|
|
Batting: SHB Frandy Almonte
|
0-0: Called Strike 0-1: Swinging Strike 0-2: Foul Ball, location: 23FF 0-2: DOUBLE (Line Drive, 3D, EV 108.1 MPH)
|
Batting: RHB Franyer Noria
|
0-0: Called Strike 0-1: Fly out, F8 (Flyball, 8RS, EV 88.8 MPH)
|
Pinch Hitting: RHB Samuel Strickland
|
0-0: SINGLE (Line Drive, 4D, EV 108.1 MPH) Frandy Almonte to third
|
Batting: RHB Luis Vazquez
|
0-0: Ball 1-0: Ball 2-0: Foul Ball, location: 2LF 2-1: SINGLE (Line Drive, 3D, EV 98.1 MPH) Frandy Almonte scores Samuel Strickland to second Runner from 2nd tries for 3rd, SAFE, no throw by RF
|
Batting: LHB Ismael Mena
|
0-0: Ball 1-0: Fielders Choice at home, 3-2 (Groundball, 3, EV 101.9 MPH) Luis Vazquez to second
|
Batting: RHB Jaylin Davis
|
0-0: Called Strike 0-1: Fielders Choice at 2nd, 6-4 (Groundball, 6, EV 105.6 MPH)
|
Bottom of the 9th over - 1 run, 3 hits, 0 errors, 2 left on base; Greenville 3 - Tri-City 3 |
TOP OF THE 10TH |
Greenville Drive batting - Pitching for Tri-City Dust Devils : LHP Kolton Ingram
|
Pitching: RHP Braden Bristo
|
|
Now in CF: Samuel Strickland
|
|
Batting: SHB Lizandro Rodriguez
|
0-0: Foul Ball, location: 25F 0-1: Called Strike 0-2: Strikes out looking
|
Pinch Hitting: LHB Phil Caulfield
|
0-0: Ball 1-0: Ball 2-0: Ball 3-0: Called Strike 3-1: Base on Balls
|
Batting: RHB Pedro Castellanos
|
0-0: Called Strike 0-1: SINGLE (Line Drive, 56, EV 95.0 MPH) Phil Caulfield to second
|
Pinch Hitting: LHB Jerry Downs
|
0-0: Ball 1-0: Called Strike 1-1: Foul Ball, location: 5SF 1-2: Ball 2-2: Strikes out swinging
|
Batting: SHB Casey Opitz
|
0-0: Ground out 4-3 (Groundball, 4, EV 77.5 MPH)
|
Top of the 10th over - 0 runs, 1 hit, 0 errors, 2 left on base; Greenville 3 - Tri-City 3 |
BOTTOM OF THE 10TH |
Tri-City Dust Devils batting - Pitching for Greenville Drive : RHP Albert Rivas
|
Pitching: RHP Conner Nurse
|
|
Now at 2B: Phil Caulfield
|
|
Now at 3B: Lizandro Rodriguez
|
|
Now in LF: Kervin Pichardo
|
|
Batting: RHB Nicholas Northcut
|
0-0: Foul Ball, location: 2F 0-1: Ball 1-1: Ball 2-1: Ball 3-1: DOUBLE (Flyball, 78D, EV 101.9 MPH)
|
Batting: RHB Jose Devers
|
0-0: Bunted foul 0-1: Sac Bunt to 13S - play at third, runner OUT! 1-5
|
Batting: RHB Jordan Dissin
|
0-0: Grounds into double play, 5-4-3 (Groundball, 56, EV 99.4 MPH)
|
Bottom of the 10th over - 0 runs, 1 hit, 0 errors, 0 left on base; Greenville 3 - Tri-City 3 |
TOP OF THE 11TH |
Greenville Drive batting - Pitching for Tri-City Dust Devils : RHP Braden Bristo
|
Batting: RHB Kelvin Melean
|
0-0: Foul Ball, location: 2F 0-1: Ball 1-1: Ball 2-1: Ball 3-1: Foul Ball, location: 7LSF 3-2: Base on Balls
|
Batting: LHB Connor Panas
|
0-0: Sac Bunt to 23 - play at first, batter OUT! 3-4 Kelvin Melean to second
|
Batting: SHB Jake Palomaki
|
0-0: Fly out, F9 (Flyball, 89S, EV 85.6 MPH)
|
Batting: SHB Chavez Young
|
0-0: Ball 1-0: Ball 2-0: Ball 3-0: Called Strike 3-1: Base on Balls
|
Batting: SHB Lizandro Rodriguez
|
0-0: Foul Ball, location: 9LDF 0-1: Ball 1-1: Foul Ball, location: 2F 1-2: Ball 2-2: Strikes out swinging
|
Top of the 11th over - 0 runs, 0 hits, 0 errors, 2 left on base; Greenville 3 - Tri-City 3 |
BOTTOM OF THE 11TH |
Tri-City Dust Devils batting - Pitching for Greenville Drive : RHP Conner Nurse
|
Batting: SHB Frandy Almonte
|
0-0: Called Strike 0-1: Ball 1-1: Ball 2-1: Foul Ball, location: 7LSF 2-2: Strikes out swinging
|
Pinch Hitting: LHB Dameivi Tineo
|
0-0: Ball 1-0: Foul Ball, location: 5F 1-1: Ball 2-1: Ground out 2-3 (Groundball, 2L, EV 61.9 MPH)
|
Batting: RHB Samuel Strickland
|
0-0: Called Strike 0-1: Called Strike 0-2: Ball 1-2: Fly out, F7 (Flyball, 7S, EV 91.3 MPH)
|
Bottom of the 11th over - 0 runs, 0 hits, 0 errors, 0 left on base; Greenville 3 - Tri-City 3 |
TOP OF THE 12TH |
Greenville Drive batting - Pitching for Tri-City Dust Devils : RHP Braden Bristo
|
Pitching: RHP Tommy Doyle
|
|
Now at 3B: Anthuan Valencia
|
|
Batting: LHB Phil Caulfield
|
0-0: Ball 1-0: Swinging Strike 1-1: Ball 2-1: Called Strike 2-2: Ground out 6-3 (Groundball, 4M, EV 83.1 MPH)
|
Batting: RHB Pedro Castellanos
|
0-0: Called Strike 0-1: Swinging Strike 0-2: Ball 1-2: Strikes out swinging
|
Pinch Hitting: RHB Ian Yetsko
|
0-0: Called Strike 0-1: Ball 1-1: SINGLE (Groundball, 56S, EV 84.4 MPH)
|
Batting: SHB Casey Opitz
|
0-0: Ball 1-0: Fly out, F8 (Flyball, 8RXD, EV 107.5 MPH)
|
Top of the 12th over - 0 runs, 1 hit, 0 errors, 1 left on base; Greenville 3 - Tri-City 3 |
BOTTOM OF THE 12TH |
Tri-City Dust Devils batting - Pitching for Greenville Drive : RHP Conner Nurse
|
Now in LF: Ian Yetsko
|
|
Batting: RHB Luis Vazquez
|
0-0: SINGLE (Groundball, 4MD, EV 109.4 MPH)
|
Pitching: LHP Ethan Evanko
|
|
Batting: LHB Ismael Mena
|
0-0: Sac Bunt to 13 - play at first, batter OUT! 1-3 Luis Vazquez to second
|
Batting: RHB Jaylin Davis
|
0-0: Foul Ball, location: 2F 0-1: Ball Passed Ball! Luis Vazquez to third 1-1: Ball 2-1: Ball 3-1: Swinging Strike 3-2: Foul Ball, location: 2F 3-2: Fly out, F9 (Flyball, 9, EV 93.8 MPH)
|
Batting: RHB Nicholas Northcut
|
0-0: Ball 1-0: Ground out 5-3 (Groundball, 56, EV 88.1 MPH)
|
Bottom of the 12th over - 0 runs, 1 hit, 0 errors, 1 left on base; Greenville 3 - Tri-City 3 |
TOP OF THE 13TH |
Greenville Drive batting - Pitching for Tri-City Dust Devils : RHP Tommy Doyle
|
Batting: RHB Kelvin Melean
|
0-0: Called Strike 0-1: SINGLE (Line Drive, 9LS, EV 92.5 MPH)
|
Batting: LHB Connor Panas
|
0-0: Sac Bunt to 2L - play at first, batter OUT! 2-3 Kelvin Melean to second
|
Batting: SHB Jake Palomaki
|
0-0: Foul Ball, location: 2F 0-1: Called Strike 0-2: Ball 1-2: Foul Ball, location: 2F 1-2: Strikes out looking
|
Batting: SHB Chavez Young
|
0-0: Ball 1-0: Ball 2-0: Swinging Strike 2-1: Called Strike 2-2: Ball 3-2: SINGLE (Groundball, 4D, EV 95.0 MPH) Kelvin Melean to third Runner from 3rd tries for Home, SAFE, throw by CF to home
|
Batting: SHB Lizandro Rodriguez
|
0-0: Called Strike 0-1: Ball 1-1: Foul Ball, location: 2F 1-2: DOUBLE (Line Drive, 7LM, EV 79.4 MPH) Chavez Young to third
|
Batting: LHB Phil Caulfield
|
0-0: Ball 1-0: Ball 2-0: Ball 3-0: Called Strike 3-1: Ground out U3 (Groundball, 34D, EV 106.3 MPH)
|
Top of the 13th over - 1 run, 3 hits, 0 errors, 2 left on base; Greenville 4 - Tri-City 3 |
BOTTOM OF THE 13TH |
Tri-City Dust Devils batting - Pitching for Greenville Drive : LHP Ethan Evanko
|
Batting: RHB Jose Devers
|
0-0: Ball 1-0: Foul Ball, location: 2F 1-1: Ground out 6-3 (Groundball, 6, EV 84.4 MPH)
|
Batting: RHB Jordan Dissin
|
0-0: Ball 1-0: Foul Ball, location: 7LMF 1-1: Ball 2-1: Called Strike 2-2: Strikes out swinging
|
Batting: SHB Frandy Almonte
|
0-0: Ball 1-0: Called Strike 1-1: Ground out 5-3 (Groundball, 5L, EV 105.0 MPH)
|
Bottom of the 13th over - 0 runs, 0 hits, 0 errors, 0 left on base; Greenville 4 - Tri-City 3 |
|